 Dungeon Crawl Stone Soup version 0.25.1-2-g60ff931df9 (webtiles) character file.

Game seed: 7269386505713971340

2034 demenzo the Fighter (level 9, 0/151 HPs)
             Began as an Ogre Berserker on Oct 14, 2020.
             Was an Elder of Trog.
             Slain by a killer bee (7 damage)
             ... on level 7 of the Dungeon.
             The game lasted 00:09:23 (9034 turns).

demenzo the Fighter (Ogre Berserker)                Turns: 9034, Time: 00:09:24

Health: 0/151      AC:  4    Str: 26    XL:     9   Next: 24%
Magic:  9/9        EV: 10    Int:  8    God:    Trog [****..]
Gold:   414        SH:  0    Dex:  8    Spells: 8/8 levels left

rFire    . . .     SeeInvis .   a - +1 giant club
rCold    . . .     Gourm    .   (shield currently unavailable)
rNeg     . . .     Faith    .   b - +0 animal skin
rPois    .         Spirit   .   o - +0 hat
rElec    .         Reflect  .   x - +0 cloak
rCorr    .         Harm     .   (gloves unavailable)
MR       .....                  (boots unavailable)
Stlth    ..........             (no amulet)
HPRegen  0.35/turn              (no ring)
MPRegen  0.11/turn              (no ring)

@: berserking, lethally poisoned (0 -> -23), very quick
A: large, unfitting armour, tough skin 1
a: Berserk, Trog's Hand, Brothers in Arms, Renounce Religion


You were on level 7 of the Dungeon.
You worshipped Trog.
Trog was greatly pleased with you.
You were hungry.

You visited 2 branches of the dungeon, and saw 8 of its levels.

You collected 414 gold pieces.

Inventory:

Hand Weapons
 a - a +1 giant club (weapon)
 j - a +0 mace
Missiles
 d - 244 stones (quivered)
 i - 97 sling bullets
 l - 5 boomerangs
 q - 34 poisoned darts
 r - 2 throwing nets
 s - 3 javelins
Armour
 b - a +0 animal skin (worn)
 o - a +0 hat (worn)
 x - a +0 cloak (worn)
Jewellery
 p - an uncursed amulet of the acrobat {unknown}
 A - an uncursed ring of magical power {unknown}
 C - an uncursed ring of protection from cold
Wands
 m - a wand of polymorph (10)
 t - a wand of paralysis (9)
 y - a wand of acid (9)
Scrolls
 e - 4 scrolls of identify
 h - 2 scrolls of immolation
 n - 2 scrolls of enchant weapon
 v - 2 scrolls of teleportation
Potions
 f - 3 potions of flight
 g - 5 potions of stabbing
 k - a potion of heal wounds
 w - 2 potions of brilliance
 D - a potion of resistance
 E - 2 potions of lignification
Comestibles
 c - 8 rations
 u - 3 chunks of flesh


   Skills:
 + Level 9.7 Fighting
 * Level 9.3 Maces & Flails
 - Level 2.6 Dodging


You had 8 spell levels left.
You didn't know any spells.
Your spell library was empty.

Dungeon Overview and Level Annotations

Branches:
Dungeon (7/15)             Temple (1/1) D:6

Altars:
Cheibriados
Fedhas
Hepliaklqana
Kikubaaqudgha
Trog
Vehumet
Wu Jian

Annotations:
D:3 2 transporters, pokeman's ghost, amateur DEWz


Innate Abilities, Weirdness & Mutations

You are too large for most types of armour.
You have tough skin. (AC +1)


Message History

* * * LOW HITPOINT WARNING * * *
You are lethally poisoned!
The killer bee poisons you! The killer bee closely misses you.
Your ogre hits the killer bee with a +0 giant spiked club!!
The killer bee dies!
Trog accepts your kill. The killer bee stings you!
* * * LOW HITPOINT WARNING * * *
The killer bee barely misses you. x2
Unknown command.
Unknown command.
Unknown command.
Unknown command.
Unknown command.
Unknown command.
You miss the killer bee.
* * * LOW HITPOINT WARNING * * *
You feel very sick. The killer bee barely misses you.
The killer bee stings you!
You die...

#..# ####### ###.##
##...[.##
##...#####.......##
...####...........#
.######...........#
.#................#
...#####..........#
#### #..........#
.. ........Oy@## ..
..........yyy# .
###..........# #
##...<.....#
#.........#
.........#
#.....>.##
##.....##


You could see 4 killer bees and a friendly ogre (summoned, berserk).

Vanquished Creatures
  A spriggan (D:7)
  Menkaure (D:4)
  An ice beast (D:6)
  An orc warrior (D:6)
  A phantom (D:4)
  An ogre (D:3)
  A centaur (D:5)
  A bullfrog (D:6)
  2 scorpions (D:6)
  A killer bee (D:7)
  5 wights (D:6)
  2 howler monkeys
  3 orc priests
  2 hounds
  Crazy Yiuf (D:5)
  8 orc wizards
  An iguana (D:5)
  5 worker ants
  A hound zombie (D:5)
  A hound skeleton (D:6)
  A worker ant zombie (D:5)
  9 adders
  A shadow imp (D:6)
  An adder skeleton (D:5)
  An adder zombie (D:5)
  3 worms
  2 dart slugs
  3 leopard geckos
  41 orcs
  A ball python (D:4)
  3 giant cockroaches
  9 goblins
  11 hobgoblins
  4 jackals (D:4)
  6 kobolds
  5 quokkas
  9 bats
  3 frilled lizards
  A giant cockroach zombie (D:6)
  A quokka skeleton (D:5)
  7 rats
162 creatures vanquished.

Vanquished Creatures (collateral kills)
  A killer bee (D:7)
1 creature vanquished.

Grand Total: 163 creatures vanquished

Notes
Turn   | Place    | Note
-------+----------+-------------------------------------------
     0 | D:1      | demenzo the Ogre Berserker began the quest for the Orb.
     0 | D:1      | Reached XP level 1. HP: 24/24 MP: 1/1
   548 | D:1      | Reached XP level 2. HP: 30/32 MP: 2/2
  1232 | D:2      | Reached XP level 3. HP: 40/40 MP: 3/3
  1311 | D:2      | Found a bloodstained altar of Trog.
  1393 | D:2      | Found a blossoming altar of Fedhas.
  1827 | D:2      | Found a radiant altar of Vehumet.
  2080 | D:3      | Reached ** piety under Trog
  2094 | D:3      | Reached XP level 4. HP: 31/49 MP: 4/4
  2582 | D:3      | Noticed an ogre
  2592 | D:3      | Killed an ogre
  2592 | D:3      | Reached skill level 5 in Fighting
  2592 | D:3      | Reached XP level 5. HP: 42/57 MP: 5/5
  2764 | D:3      | Found a transporter.
  2788 | D:3      | Noticed pokeman's ghost (amateur DEWz)
  2799 | D:3      | Found a transporter.
  3332 | D:3      | Noticed an ogre
  3335 | D:3      | Noticed an ogre
  3335 | D:3      | Noticed an ogre
  4018 | D:4      | Noticed a phantom
  4052 | D:4      | Killed a phantom
  4052 | D:4      | Reached skill level 5 in Maces & Flails
  4052 | D:4      | Reached XP level 6. HP: 46/67 MP: 6/6
  4195 | D:4      | Noticed Menkaure
  4202 | D:4      | Killed Menkaure
  4417 | D:4      | Reached XP level 7. HP: 69/76 MP: 7/7
  4826 | D:4      | Found an ancient bone altar of Kikubaaqudgha.
  5123 | D:4      | Reached *** piety under Trog
  5670 | D:5      | Entered Level 5 of the Dungeon
  6119 | D:5      | Reached XP level 8. HP: 65/88 MP: 8/8
  6485 | D:5      | Found a runed translucent door.
  6486 | D:5      | Noticed Crazy Yiuf
  6591 | D:5      | Killed Crazy Yiuf
  7310 | D:6      | Found a hazy altar of Hepliaklqana.
  7430 | D:6      | Reached **** piety under Trog
  7625 | D:6      | Found a staircase to the Ecumenical Temple.
  7672 | Temple   | Entered the Ecumenical Temple
  8090 | D:6      | Reached XP level 9. HP: 98/98 MP: 9/9
  8754 | D:7      | Found an ornate altar of the Wu Jian Council.
  9034 | D:7      | HP: 7/151 [poisoned by a killer bee]
  9034 | D:7      | Slain by a killer bee

Illustrated notes

Levels and vault maps discovered:
D:1:      lemuel_arrival_lava_pool, layout_loops_corners, minmay_statues_item
D:2:      layout_basic, nicolae_overflow_hidden_temple, lemuel_doored_altar,
          lightli_temple_of_fire, grunt_ministairs_9
D:3:      layout_basic, gammafunk_ghost_smash, first_ration, serial_curves,
          eino_curves_03, eino_curves_02, eino_curves_04, eino_curves_03,
          guppyfry_early_orc_mine
D:4:      layout_loops_corners, lemuel_crystal_altar, uniq_menkaure
D:5:      layout_rooms, uniq_crazy_yiuf_cottage
D:6:      layout_loops_ring, nicolae_overflow_crystal_walls,
          minmay_temple_entry_wispy
D:7:      layout_rooms, kennysheep_mini, the_bakery, nrook_uturn
Temple:   nicolae_temple_elliptical

Skill      XL: |  1  2  3  4  5  6  7  8  9 |
---------------+----------------------------+-----
Maces & Flails | 3 4 5 6 7 8 9 |  9.3
Fighting       | 5 6 7 9 |  9.7
Dodging        | |  2.6

Action                   |  1- 3 |  4- 6 |  7- 9 || total
-------------------------+-------+-------+-------++-------
Melee: Mace              |   102 |    39 |       ||   141
       Giant club        |       |    78 |   259 ||   337
Throw: Stone             |       |     3 |       ||     3
Invok: Berserk           |     1 |     2 |    12 ||    15
       Trog's Hand       |       |       |     2 ||     2
       Brothers in Arms  |       |       |     1 ||     1
  Use: Scroll            |       |     6 |     9 ||    15
  Eat: Chunk             |     4 |     6 |    16 ||    26
       Ration            |       |     1 |     3 ||     4
Armor: Animal skin       |    22 |    68 |    61 ||   151
Dodge: Dodged            |    49 |    89 |   180 ||   318
